 Dungeon Crawl Stone Soup version 0.16.3-4-gc506b73efe (webtiles) character file.

160374 faibistes the Eclecticist (level 17, -6/80 HPs)
             Began as a Deep Elf Wizard on July 5, 2023.
             Was the Champion of Sif Muna.
             Mangled by a lajatang of flaming (7 damage)
             ... on level 2 of the Elven Halls on July 6, 2023.
             The game lasted 02:38:01 (51766 turns).

faibistes the Eclecticist (Deep Elf Wizard)        Turns: 51766, Time: 02:38:02

Health: -6/80      AC: 11    Str:  4    XL:     17   Next: 18%
Magic:  32/50      EV: 19    Int: 31    God:    Sif Muna [******]
Gold:   1203       SH:  0    Dex: 13    Spells: 11 memorised, 4 levels left

rFire  + . .     SeeInvis .     B - staff of fire
rCold  + . .     Clarity  .     e - +2 robe {rC+}
rNeg   . . .     SustAb   .     (no shield)
rPois  +         Gourm    +     b - +0 hat
rElec  .         Spirit   .     m - +1 cloak
rCorr  .         Warding  .     G - +2 pair of gloves
rMut   .         Stasis   .     u - +1 pair of boots
MR     +....                    U - amulet of the gourmand
Stlth  ++........               W - ring of magical power
                                h - ring of poison resistance

@: deflect missiles, somewhat resistant to hostile enchantments, unstealthy
A: repulsion field 1
a: Channel Energy, Forget Spell, Renounce Religion


You were on level 2 of the Elven Halls.
You worshipped Sif Muna.
Sif Muna was exalted by your worship.
You were completely stuffed.

You visited 5 branches of the dungeon, and saw 28 of its levels.
You visited the Abyss 1 time.
You also visited: Bailey.

You collected 3296 gold pieces.
You spent 2093 gold pieces at shops.

Inventory:

Armour
 b - a +0 hat (worn)
 e - a +2 robe of cold resistance (worn)
 m - a +1 cloak (worn)
 u - a +1 pair of boots (worn)
 G - a +2 pair of gloves (worn)
Magical staves
 B - an uncursed staff of fire (weapon)
Rods
 S - a +1 iron rod (10/10)
   (You found it on level 1 of the Elven Halls)
Jewellery
 h - a ring of poison resistance (left hand)
 k - an uncursed ring of positive energy
 q - an uncursed ring of protection from cold
 y - an uncursed ring of sustain abilities
 A - an uncursed ring of fire
 K - an uncursed ring of protection from magic
 U - an amulet of the gourmand (around neck)
 W - a ring of magical power (right hand)
 Y - the amulet of Mnon {Ward rPois rN+ Dex+2}
   (You took it off a vampire mage on level 1 of the Elven Halls)

   [amulet of warding]

   It may prevent the melee attacks of summoned creatures.
   It affects your dexterity (+2).
   It protects you from poison.
   It protects you from negative energy.
Magical devices
 i - a wand of cold (4)
 s - a wand of enslavement (11)
 z - a wand of draining (4)
 N - a wand of lightning (5)
 P - a wand of paralysis (11)
 Q - a wand of teleportation (1)
Scrolls
 a - 5 scrolls of magic mapping
 g - 2 scrolls of enchant armour
 j - 4 scrolls of fear
 o - 6 scrolls of immolation
 p - 4 scrolls of remove curse
 r - 4 scrolls of teleportation
 D - a scroll of identify
 L - 2 scrolls of fog
 O - 4 scrolls of blinking
 T - a scroll of summoning
Potions
 l - 6 potions of curing
 n - 2 potions of flight
 t - 5 potions of heal wounds
 v - a potion of ambrosia
 C - a potion of cure mutation
 E - a potion of magic
 H - a potion of brilliance
 I - a potion of resistance
 M - 4 potions of haste
 V - 2 potions of cancellation
 Z - 5 potions of restore abilities
Comestibles
 c - 8 chunks of flesh
 d - 18 bread rations
 f - 13 meat rations


   Skills:
 - Level 10.0 Dodging
 - Level 2.4 Stealth
 * Level 18.4 Spellcasting
 * Level 12.6 Conjurations
 * Level 8.8 Charms
   Level 1.1 Summonings
 - Level 6.0 Translocations
 - Level 3.9 Transmutations
 * Level 12.4 Fire Magic
 - Level 6.1 Air Magic
 * Level 12.6 Earth Magic
 - Level 3.2 Poison Magic
 - Level 10.3 Invocations
 - Level 9.0 Evocations


You had 4 spell levels left.
You knew the following spells:

 Your Spells              Type           Power        Failure   Level  Hunger
a - Iron Shot             Conj/Erth      #######...   1%          6    None
b - Conjure Flame         Conj/Fire      ########     1%          3    None
d - Blink                 Tloc           N/A          1%          2    None
e - Mephitic Cloud        Conj/Pois/Air  ######..     1%          3    None
f - Deflect Missiles      Chrm/Air       ######....   12%         6    None
g - Airstrike             Air            ######....   1%          4    None
i - Ignite Poison         Fire/Trmt      #######...   1%          5    None
l - Lee's Rapid Deconstr  Erth           #######...   1%          5    None
v - Bolt of Magma         Conj/Fire/Erth ########..   1%          5    None
x - Force Lance           Conj/Tloc      ######..     1%          4    None
z - Fireball              Conj/Fire      ########..   1%          5    None


Dungeon Overview and Level Annotations

Branches:
Dungeon (13/15)            Temple (1/1) D:7            Lair (8/8) D:11
  Swamp (0/5) Lair:4       Spider (0/5) Lair:4        Slime (0/6) Lair:8
    Orc (4/4) D:12            Elf (2/3) Orc:4
 Vaults: D:13-14

Altars:
Ashenzari
Cheibriados
Dithmenos
Elyvilon
Fedhas
Gozag
Kikubaaqudgha
Makhleb
Nemelex Xobeh
Okawaru
Qazlal
Ru
Sif Muna
Trog
Vehumet
Xom
Yredelemnul
Zin
The Shining One

Shops:
D:9 (   Orc:1 }   Orc:4 *}[!=!(}*   Elf:1 =   Elf:2 [

Portals:
Trove: D:12 (give +4 storm dragon armour)

Annotations:
D:4 2 runed doors


Innate Abilities, Weirdness & Mutations

You are surrounded by a mild repulsion field (EV +2).


Message History

You feel strangely unstable.
A dancing weapon and a deep elf priest come into view.
Casting: Airstrike
Confirm with . or Enter, or press ? or * to list all spells.
Aiming: Airstrike
Press: ? - help, Dir - move target cursor, f/p - scimitar of draining
Aim: a scimitar of draining (severely damaged)
The air twists around and violently strikes the scimitar of draining!
The scimitar of draining falls from the air.
The deep elf priest shouts!
The lajatang of flaming hits you!! The lajatang of flaming burns you.
A deep elf fighter comes into view. It is wielding a scimitar.
Your surroundings seem slightly different.
The mace of holy wrath hits you but does no damage.
The deep elf knight gestures wildly while chanting.
The deep elf knight seems to speed up.
The mace of protection hits you! The lajatang of flaming hits you!!
* * * LOW HITPOINT WARNING * * *
The lajatang of flaming burns you!
You die...

#.# #........).)..#....)##
#.#####)....#.....##....).##
#.....##...#.#...####.)....#
################## ##)....#
# ##. ##.####.)...## #
##...##...##.....## #
..........ยง).)...# #
....(...((........# #
#.....e.@.).#......# #
##.......(.###....## #
#........## ##..## #
...)e..... ...# #
........... ... #
....e...... . # ...........
# ......... # ...


You could see a deep elf knight, a deep elf priest, a deep elf fighter
(wandering) and 4 dancing weapons.

Vanquished Creatures
  A deep elf demonologist (Elf:1)
  Azrael (Elf:2)
  A deep elf annihilator (Elf:2)
  A mummy priest (Elf:1)
  Harold (Lair:3)
  A catoblepas (Lair:2)
  10 hydras
  Erica (D:10)
  11 dancing weapons (Elf:2)
  A death yak (Lair:2)
  2 vampire magi (Elf:1)
  8 orc high priests
  Nergalle (Lair:4)
  Erolcha (Orc:2)
  30 deep elf knights
  9 deep elf summoners
  An orc knight (Bailey)
  13 deep elf conjurers
  2 griffons
  2 orc sorcerers
  5 hill giants
  An ugly thing (D:12)
  2 manticores (Lair:8)
  2 cyclopes
  4 elephants
  7 black mambas
  A torpor snail (Lair:5)
  3 centaur skeletons
  37 spiny frogs
  An efreet (D:8)
  7 fire drakes
  7 komodo dragons
  A demonic crawler (Elf:2)
  2 kobold demonologists (Elf:1)
  6 deep elf priests
  4 trolls
  The ghost of faibistes the Magician, an experienced DEWz (D:4)
  A queen bee (Lair:3)
  A jumping spider (Lair:4)
  2 two-headed ogres (D:12)
  4 giant leeches (Lair:8)
  9 slime creatures
  21 blink frogs
  3 basilisks
  A redback (Elf:2)
  7 wyverns
  39 yaks
  A tarantella (Elf:2)
  21 deep elf magi
  A steam dragon (Lair:4)
  3 water elementals (D:12)
  A chaos spawn (Orc:4)
  6 wolves
  25 deep elf fighters
  8 vampire mosquitoes
  2 mottled dragons (D:11)
  5 hell hounds
  2 fire elementals (Elf:2)
  A neqoxec (Orc:4)
  15 hippogriffs
  2 wargs
  19 water moccasins
  6 porcupines
  3 necrophages
  35 orc warriors
  4 sky beasts
  A deep dwarf (shapeshifter) (Elf:2)
  10 ice beasts
  4 black bears
  An eye of draining (D:10)
  14 ogres
  7 phantoms
  2 boggarts (Elf:1)
  2 boring beetles (Lair:8)
  15 crocodiles
  9 centaurs
  6 big kobolds
  36 giant frogs
  3 scorpions
  2 wyvern skeletons
  A water moccasin skeleton (D:8)
  3 jellies
  31 killer bees
  5 crimson imps
  10 electric eels
  2 goliath beetles (D:6)
  14 wights
  A giant frog zombie (D:11)
  10 hounds
  40 orc priests
  8 iguanas
  35 orc wizards
  3 quasits
  7 sheep
  A hell rat (Elf:2)
  7 worker ants
  Jessica (D:2)
  A hound skeleton (D:11)
  2 hound zombies
  2 mummies
  100 river rats
  32 adders
  5 gnolls
  4 shadow imps
  A giant mite (D:8)
  3 worms (D:5)
  A giant mite (shapeshifter) (Elf:1)
  An adder skeleton (D:4)
  2 giant geckos
  3 oozes
  220 orcs
  3 ball pythons
  A bat skeleton (D:8)
  3 giant cockroaches
  29 goblins
  23 hobgoblins
  12 jackals
  67 kobolds
  9 bats
  A giant gecko skeleton (D:4)
  6 giant newts
  2 giant spores (D:7)
  A jackal skeleton (D:4)
  18 quokkas
  2 quokka skeletons
  20 rats
  9 ballistomycetes
  A bush (Lair:8)
  2 fungi
  A plant (Lair:7)
1315 creatures vanquished.

Vanquished Creatures (collateral kills)
  Fannar (D:10)
  An orc wizard (D:7)
  A hobgoblin (D:3)
  3 jackals (D:1)
  2 kobolds
8 creatures vanquished.

Vanquished Creatures (others)
  A giant frog (D:11)
  3 crimson imps
  4 giant spores
  A kobold (D:8)
  31 fungi
  21 plants
61 creatures vanquished.

Grand Total: 1384 creatures vanquished

Notes
Turn   | Place    | Note
--------------------------------------------------------------
     0 | D:1      | faibistes, the Deep Elf Wizard, began the quest for the Orb.
     0 | D:1      | Reached XP level 1. HP: 10/10 MP: 6/6
   411 | D:1      | Reached XP level 2. HP: 15/15 MP: 7/9
   415 | D:1      | Learned a level 2 spell: Blink
   418 | D:1      | Learned a level 2 spell: Call Imp
   885 | D:1      | Reached XP level 3. HP: 19/19 MP: 9/13
   899 | D:1      | Learned a level 3 spell: Conjure Flame
   903 | D:1      | Learned a level 3 spell: Mephitic Cloud
   904 | D:1      | Reached skill level 5 in Spellcasting
  1034 | D:3      | Found a shimmering altar of Xom.
  1235 | D:2      | Noticed Jessica
  1268 | D:2      | Killed Jessica
  1272 | D:2      | Found a bloodstained altar of Trog.
  1472 | D:2      | Reached XP level 4. HP: 24/24 MP: 14/17
  1476 | D:2      | Learned a level 2 spell: Repel Missiles
  1570 | D:2      | Found a sacrificial altar of Ru.
  1893 | D:5      | Entered Level 5 of the Dungeon
  1900 | D:6      | Noticed an ice beast
  2115 | D:4      | Noticed faibistes' ghost (experienced DEWz)
  2127 | D:4      | HP: 1/24 [shadow imp/nerve-wracking pain[faibistes' ghost] (11)]
  2516 | D:3      | Reached XP level 5. HP: 22/28 MP: 10/20
  2834 | D:3      | Noticed a big kobold
  2835 | D:3      | Reached skill level 6 in Spellcasting
  2840 | D:3      | Noticed a big kobold
  2957 | D:3      | Killed a big kobold
  2958 | D:3      | Killed a big kobold
  2958 | D:3      | Reached XP level 6. HP: 25/32 MP: 2/22
  3211 | D:3      | Found a white marble altar of Elyvilon.
  3292 | D:3      | Found a shattered altar of Ashenzari.
  3476 | D:3      | Noticed a big kobold
  3535 | D:3      | Killed a big kobold
  3535 | D:3      | Reached skill level 7 in Spellcasting
  4070 | D:4      | Reached skill level 1 in Air Magic
  4155 | D:4      | Noticed a water moccasin
  4162 | D:4      | Killed a water moccasin
  4162 | D:4      | Reached XP level 7. HP: 30/36 MP: 22/25
  4339 | D:4      | Found a basalt altar of Yredelemnul.
  4350 | D:4      | Found a large runed door.
  4350 | D:4      | Found a large runed door.
  4386 | D:4      | Reached skill level 1 in Poison Magic
  4824 | D:4      | Reached skill level 5 in Conjurations
  5005 | D:4      | Found a large runed door.
  5118 | D:4      | Found a large runed door.
  5136 | D:4      | Noticed an orc warrior
  5158 | D:4      | Killed an orc warrior
  5158 | D:4      | Reached skill level 8 in Spellcasting
  5586 | D:4      | Learned a level 4 spell: Airstrike
  5652 | D:4      | Found a burning altar of Makhleb.
  5686 | D:4      | Killed faibistes' ghost
  5686 | D:4      | Reached XP level 8. HP: 41/41 MP: 10/27
  5836 | D:5      | Noticed a phantom
  6184 | D:4      | Killed a phantom
  6184 | D:4      | Reached skill level 5 in Dodging
  6410 | D:5      | Noticed a moth of wrath
  6411 | D:5      | Found a bloodstained altar of Trog.
  6606 | D:5      | Noticed a water moccasin
  6633 | D:5      | Killed a water moccasin
  6946 | D:5      | Reached skill level 9 in Spellcasting
  7594 | D:6      | Noticed an ogre
  7608 | D:6      | Killed an ogre
  7897 | D:8      | Reached XP level 9. HP: 45/45 MP: 23/29
  8212 | D:6      | Killed an ice beast
  8212 | D:6      | Reached skill level 1 in Fire Magic
  8212 | D:6      | Reached skill level 5 in Air Magic
  8360 | D:6      | Found a basalt altar of Yredelemnul.
  8472 | D:6      | Noticed a black bear
  8480 | D:6      | Killed a black bear
  8662 | D:6      | Reached skill level 1 in Evocations
  9406 | D:8      | Reached skill level 10 in Spellcasting
  9767 | D:7      | Learned a level 2 spell: Shroud of Golubria
  9865 | D:7      | Found a staircase to the Ecumenical Temple.
  9884 | D:7      | Learned a level 4 spell: Force Lance
  9885 | Temple   | Entered the Ecumenical Temple
 10160 | Temple   | Became a worshipper of Sif Muna the Loreminder
 10349 | D:7      | Reached skill level 1 in Invocations
 11702 | D:8      | Reached XP level 10. HP: 50/50 MP: 14/31
 12002 | D:8      | Acquired Sif Muna's first power
 12226 | D:8      | Noticed an efreet
 12613 | D:8      | Killed an efreet
 12860 | D:9      | Found Kuhaerig's Weapon Boutique.
 12909 | D:9      | Reached skill level 5 in Translocations
 13031 | D:10     | Entered Level 10 of the Dungeon
 13077 | D:11     | Reached skill level 11 in Spellcasting
 13239 | D:11     | Noticed a hill giant
 13239 | D:11     | Noticed a cyclops
 13443 | D:10     | Killed a hill giant
 13443 | D:10     | Acquired Sif Muna's second power
 13449 | D:10     | Killed a cyclops
 13449 | D:10     | Reached skill level 5 in Invocations
 13728 | D:12     | Reached skill level 5 in Fire Magic
 13729 | D:12     | Reached XP level 11. HP: 45/54 MP: 8/33
 14002 | D:12     | Found a flagged portal.
 14012 | Bailey   | Entered a bailey
 14178 | Bailey   | Learned a level 5 spell: Ignite Poison
 14821 | Bailey   | Got a dazzling bardiche
 14822 | Bailey   | Identified the +6 bardiche "Smuuc" {drain, MR- Int+8} (You took it off an orc warrior in a bailey)
 14936 | Bailey   | Reached skill level 1 in Transmutations
 15856 | D:9      | Reached skill level 5 in Evocations
 17078 | D:10     | Noticed Fannar
 17141 | D:10     | Noticed a hill giant
 17149 | D:10     | Killed Fannar
 17149 | D:10     | Reached skill level 12 in Spellcasting
 17307 | D:10     | Killed a hill giant
 17844 | D:10     | Noticed Erica
 17869 | D:10     | Noticed a hill giant
 17872 | D:10     | Killed a hill giant
 17928 | D:10     | Killed Erica
 17944 | D:10     | Acquired Sif Muna's third power
 18131 | D:10     | Identified a scroll of acquirement
 18139 | D:10     | Learned a level 5 spell: Fireball
 18442 | D:10     | Learned a level 4 spell: Petrify
 19043 | D:11     | Reached XP level 12. HP: 59/59 MP: 22/35
 19105 | D:12     | Found a portal to a secret trove of treasure.
 19314 | D:11     | Noticed a four-headed hydra
 19319 | D:11     | Killed a four-headed hydra
 19319 | D:11     | Reached skill level 1 in Earth Magic
 19463 | D:11     | Noticed an eight-headed hydra
 19473 | D:11     | Killed an eight-headed hydra
 19902 | D:11     | Found a staircase to the Lair.
 20590 | Lair:1   | Entered Level 1 of the Lair of Beasts
 21314 | Lair:2   | Reached skill level 13 in Spellcasting
 23343 | Lair:2   | Noticed a catoblepas
 23360 | Lair:2   | Killed a catoblepas
 23953 | Lair:3   | Noticed Harold
 23959 | Lair:3   | Killed Harold
 24372 | Lair:3   | Reached XP level 13. HP: 63/63 MP: 11/36
 24727 | Lair:3   | Noticed an eight-headed hydra
 24734 | Lair:3   | Killed an eight-headed hydra
 25211 | Lair:4   | Reached skill level 5 in Earth Magic
 25856 | Lair:4   | Found a staircase to the Swamp.
 26287 | Lair:4   | Found a hole to the Spider Nest.
 26762 | Lair:4   | Noticed Nergalle
 26774 | Lair:4   | Killed Nergalle
 27558 | Lair:5   | Reached skill level 14 in Spellcasting
 28162 | Lair:5   | Found a runed door.
 29248 | Lair:6   | Reached skill level 10 in Conjurations
 29248 | Lair:6   | Reached skill level 10 in Invocations
 30024 | Lair:8   | Entered Level 8 of the Lair of Beasts
 30072 | Lair:8   | Received a gift from Sif Muna
 30075 | Lair:8   | Identified Sif Muna's Disquisition on Battle Magic (Sif Muna gifted it to you on level 8 of the Lair of Beasts)
 30382 | Lair:8   | Reached skill level 10 in Dodging
 30490 | Lair:7   | Learned a level 5 spell: Bolt of Magma
 30812 | Lair:8   | Reached XP level 14. HP: 68/68 MP: 5/38
 31403 | Lair:8   | Reached skill level 15 in Spellcasting
 35628 | Lair:8   | Received a gift from Sif Muna
 35629 | Lair:8   | Identified Sif Muna's Guide on Confrontation (Sif Muna gifted it to you on level 8 of the Lair of Beasts)
 35772 | Lair:8   | Found a staircase to the Slime Pits.
 35780 | Lair:8   | Reached skill level 16 in Spellcasting
 35780 | Lair:8   | Reached skill level 10 in Fire Magic
 35780 | Lair:8   | Reached XP level 15. HP: 72/72 MP: 38/40
 36260 | Lair:2   | Learned a level 6 spell: Iron Shot
 36266 | Lair:2   | Learned a level 5 spell: Lee's Rapid Deconstruction
 37267 | D:12     | Reached skill level 10 in Earth Magic
 37354 | D:12     | Found a basalt altar of Yredelemnul.
 37844 | D:12     | Found a staircase to the Orcish Mines.
 38576 | D:12     | Received a gift from Sif Muna
 38577 | D:12     | Identified Sif Muna's Second Course in Witchery (Sif Muna gifted it to you on level 12 of the Dungeon)
 39125 | Orc:1    | Entered Level 1 of the Orcish Mines
 39742 | Orc:1    | Found Sucih's Gadget Shoppe.
 40116 | Orc:2    | Noticed Erolcha
 40120 | Orc:2    | Killed Erolcha
 40599 | Orc:2    | Reached skill level 17 in Spellcasting
 40727 | Lair:2   | Learned a level 6 spell: Deflect Missiles
 41361 | Orc:4    | Entered Level 4 of the Orcish Mines
 41374 | Orc:4    | Found Plutan's Antique Weapon Boutique.
 42008 | Orc:4    | Found Kaoraoj's General Store.
 42033 | Orc:4    | Bought an uncursed amulet of regeneration for 300 gold pieces
 42033 | Orc:4    | Bought a scroll of blinking for 75 gold pieces
 42038 | Orc:4    | Found Seofius' Gadget Shop.
 42124 | Orc:4    | Reached XP level 16. HP: 76/76 MP: 26/41
 42199 | Orc:4    | Reached skill level 1 in Charms
 42227 | Orc:4    | Found Gahiewif's Jewellery Emporium.
 42498 | Orc:4    | Found Teacw's Distillery.
 42519 | Orc:4    | Bought a potion of curing for 42 gold pieces
 44145 | Orc:3    | Found a radiant altar of Vehumet.
 44214 | Orc:4    | Found a staircase to the Elven Halls.
 44948 | Orc:4    | Found Tenaese's Armour Shoppe.
 44948 | Orc:4    | Found Twiatuk's Distillery.
 44968 | Orc:4    | Found Klacyom's Gadget Emporium.
 44975 | Orc:4    | Found Dafaco's Assorted Antiques.
 44978 | Orc:4    | Bought a potion of heal wounds for 60 gold pieces
 44978 | Orc:4    | Bought a potion of heal wounds for 60 gold pieces
 44978 | Orc:4    | Bought a potion of curing for 36 gold pieces
 44980 | Orc:4    | Bought a crystal scimitar for 270 gold pieces
 44980 | Orc:4    | Identified the +11 scimitar of the Nexus {slice, Int+5 Dex-4} (You bought it in a shop on level 4 of the Orcish Mines)
 45021 | Orc:4    | Bought a potion of beneficial mutation for 420 gold pieces
 45021 | Orc:4    | Gained mutation: You are surrounded by a mild repulsion field (EV +2). [potion of beneficial mutation]
 45063 | Orc:4    | Bought an uncursed amulet of the gourmand for 450 gold pieces
 45610 | Elf:1    | Entered Level 1 of the Elven Halls
 46574 | Elf:1    | Received a gift from Sif Muna
 46579 | Elf:1    | Identified Sif Muna's Papyrus of Transmigration (Sif Muna gifted it to you on level 1 of the Elven Halls)
 46667 | Elf:1    | Found a radiant altar of Vehumet.
 46917 | Elf:1    | Found a deep blue altar of Sif Muna.
 46926 | Elf:1    | Noticed a Brimstone Fiend
 47292 | Elf:1    | Cast into the Abyss (a deep elf demonologist)
 47314 | Elf:1    | Escaped the Abyss
 47460 | Elf:1    | Found Tammerre's Jewellery Shop.
 47464 | Elf:1    | Bought an uncursed ring of magical power for 380 gold pieces
 47619 | Elf:1    | Got a twitching platinum amulet
 47620 | Elf:1    | Identified the amulet of Mnon {Ward rPois rN+ Dex+2} (You took it off a vampire mage on level 1 of the Elven Halls)
 47638 | Elf:1    | Reached skill level 5 in Charms
 48453 | Elf:1    | Got a pair of brightly glowing gloves
 48464 | Elf:1    | Identified the cursed -2 pair of gloves "Smoonux" {Contam rF+ MR+ Str+2} (You found it on level 1 of the Elven Halls)
 49296 | Elf:2    | Found Kacogg's Armour Boutique.
 49518 | Elf:1    | Received a gift from Sif Muna
 49519 | Elf:1    | Identified Sif Muna's Grimoire of the Mutagenic Blaze (Sif Muna gifted it to you on level 1 of the Elven Halls)
 49532 | Elf:1    | Reached skill level 18 in Spellcasting
 49953 | Lair:2   | Learned a level 2 spell: Blink
 50619 | Elf:2    | Found a huge runed gate.
 50619 | Elf:2    | Found a huge runed gate.
 50619 | Elf:2    | Found a huge runed gate.
 50620 | Elf:2    | Found a huge runed gate.
 50620 | Elf:2    | Found a huge runed gate.
 50843 | Elf:2    | Noticed Azrael
 50847 | Elf:2    | Killed Azrael
 51105 | Elf:2    | Reached XP level 17. HP: 80/80 MP: 37/42
 51766 | Elf:2    | HP: 1/80 [lajatang of flaming (32)]
 51766 | Elf:2    | Mangled by a lajatang of flaming

Action                   |  1- 3 |  4- 6 |  7- 9 | 10-12 | 13-15 | 16-18 || total
-------------------------+-------+-------+-------+-------+-------+-------++-------
Melee: Dagger            |       |    14 |    43 |   161 |       |       ||   218
       Staff             |       |       |       |     4 |    12 |     7 ||    23
 Cast: Magic Dart        |    69 |   152 |   413 |   178 |    25 |       ||   837
       Call Imp          |     5 |     6 |     2 |       |       |       ||    13
       Mephitic Cloud    |     1 |     7 |    25 |    59 |     6 |    12 ||   110
       Conjure Flame     |       |     3 |    25 |    44 |    30 |       ||   102
       Repel Missiles    |       |     3 |       |     4 |       |       ||     7
       Blink             |       |     1 |    12 |     3 |     9 |     1 ||    26
       Airstrike         |       |       |    44 |   138 |   108 |    36 ||   326
       Force Lance       |       |       |    11 |   103 |    50 |    22 ||   186
       Fireball          |       |       |       |    41 |   195 |   211 ||   447
       Ignite Poison     |       |       |       |    25 |   170 |     5 ||   200
       Bolt of Magma     |       |       |       |       |    28 |    17 ||    45
       Lee's Rapid Decon |       |       |       |       |    26 |    55 ||    81
       Iron Shot         |       |       |       |       |     5 |     1 ||     6
       Deflect Missiles  |       |       |       |       |     1 |     3 ||     4
Invok: Channel Energy    |       |       |       |    63 |    42 |    54 ||   159
       Forget Spell      |       |       |       |     2 |     1 |     1 ||     4
Evoke: Wand              |       |       |     1 |     1 |       |       ||     2
  Use: Scroll            |       |     6 |    13 |    20 |    11 |     6 ||    56
       Potion            |       |       |     3 |     1 |     1 |     5 ||    10
 Stab: Confused          |       |     1 |       |     8 |       |       ||     9
  Eat: Chunk             |     2 |     8 |    21 |    42 |    52 |    52 ||   177
       Beef jerky        |       |       |     1 |     2 |       |       ||     3
       Pizza             |       |       |       |     2 |     1 |       ||     3
       Fruit             |       |       |       |     1 |     9 |       ||    10
